 Dungeon Crawl Stone Soup version 0.31-a0-431-g88bdf31460 (webtiles) character file.

Game seed: 4327712439751849781

1581 LeprechaunX the Changeling (level 8, -14/40 HPs)
             Began as a Vine Stalker Shapeshifter on July 31, 2023.
             Was an Initiate of Hepliaklqana.
             Hit by a large rock thrown by a cyclops (23 damage)
             ... on level 6 of the Dungeon.
             The game lasted 00:07:40 (4473 turns).

LeprechaunX the Changeling (VSSh)                   Turns: 4473, Time: 00:07:40

Health: -14/40     AC:  8    Str: 19    XL:     8   Next: 91%
Magic:  0/9        EV: 13    Int:  8    God:    Hepliaklqana [......]
Gold:   290        SH:  0    Dex: 15    Spells: 7/7 levels left

rFire   . . .        y - +4 short sword "Gasofera" {speed, Str+4}
rCold   . . .        (no shield)
rNeg    + + .        u - +2 robe "Hommedadd" {Rampage rN++ Regen+ Str-5}
rPois   .            (helmet currently unavailable)
rElec   .            (cloak currently unavailable)
rCorr   .            (gloves currently unavailable)
SInv    .            (boots currently unavailable)
Will    +....        (no amulet)
Stlth   +            v - +4 ring of protection
HPRegen 1.86/turn    (no ring)
MPRegen 0.11/turn

%: guardian spirit, rampage
@: beast-form
A: beast (slay +4), fangs 3, regeneration 1, magic shield, antimagic bite, no
potion heal 2
a: Begin Untransformation, Renounce Religion


You were on level 6 of the Dungeon.
You worshipped Hepliaklqana.
Hepliaklqana was noncommittal.
You were a hulking beast.
You visited 2 branches of the dungeon, and saw 7 of its levels.

You collected 290 gold pieces.

Inventory:

Hand Weapons
 y - the +4 short sword "Gasofera" (weapon) {speed, Str+4}
   (You found it on level 4 of the Dungeon)

   Str:       It affects your strength (+4).
Armour
 u - the +2 robe "Hommedadd" (worn) {Rampage rN++ Regen+ Str-5}
   (You found it on level 3 of the Dungeon)

   Str:       It affects your strength (-5).
   rN:        It greatly protects you from negative energy.
   Regen:     It increases your rate of health regeneration.
   Rampage:   It bestows one free step when moving towards enemies.
 w - the +2 ring mail "Tureofy" {rPois SInv}
   (You found it on level 4 of the Dungeon)

   rPois:     It protects you from poison.
   SInv:      It lets you see invisible.
 E - a +0 kite shield
Jewellery
 v - a +4 ring of protection (left hand)
 B - a +4 ring of protection
Talismans
 b - a maw talisman
 c - a beast talisman (active)
 s - a talisman of death
Wands
 A - a wand of quicksilver (11)
 C - a wand of flame (14)
 F - a wand of polymorph (7)
Scrolls
 a - 2 scrolls of immolation {unknown}
 e - a scroll of amnesia {unknown}
 h - 6 scrolls of identify {unknown}
 l - a scroll of torment {unknown}
 m - 2 scrolls of vulnerability {unknown}
 r - a scroll of fear {unknown}
 t - a scroll of butterflies {unknown}
 x - a scroll of enchant armour {unknown}
Potions
 d - 4 potions of heal wounds {unknown}
 f - a potion of berserk rage {unknown}
 g - a potion of haste {unknown}
 i - 2 potions of invisibility {unknown}
 j - a potion of degeneration {unknown}
 k - 2 potions of enlightenment {unknown}
 n - a potion of attraction {unknown}
 o - 2 potions of ambrosia {unknown}
 p - 4 potions of curing {unknown}
 q - 2 potions of might {unknown}
 z - a potion of lignification
 D - a potion of mutation {unknown}


   Skills:
 - Level 3.0 Fighting
 + Level 4.3 Short Blades
 - Level 3.0 Dodging
 - Level 6.1 Unarmed Combat
 + Level 0.0 Invocations
 + Level 6.3 Shapeshifting


You had 7 spell levels left.
You didn't know any spells.
Your spell library contained the following spells:

 Spells                   Type           Power      Damage    Failure   Level
 Inner Flame              Hex/Fire       0%         N/A       78%         3
 Yara's Violent Unravell  Hex/Tmut       0%         3d3       100%        5
 Enfeeble                 Hex            0%         N/A       100%        7


Dungeon Overview and Level Annotations

Branches:
Dungeon (6/15)             Temple (1/1) D:6

Altars:
Ashenzari
Elyvilon
Fedhas
Gozag
Hepliaklqana
Kikubaaqudgha
Makhleb
Okawaru
Qazlal
Ru
Sif Muna
Trog
Uskayaw
Vehumet
Yredelemnul
Zin
The Shining One


Innate Abilities, Weirdness & Mutations

You are a hulking beast.
Your limbs bulge with bestial killing power. (Slay +4)
You have razor-sharp teeth.
Your natural rate of healing is unusually fast.
When hurt, damage is shared between your health and your magic reserves.
Your bite disrupts and absorbs the magic of your enemies.
Potions cannot restore your health.


Message History

No target in view!
A cyclops comes into view.
You feel very sick.
The cyclops shouts!
You feel sick.
The cyclops throws a large rock.
The large rock misses you.
You feel sick.
You feel sick.
There is a staircase to the Ecumenical Temple here.
You feel sick.
You climb downwards.
Welcome to the Ecumenical Temple!
Found a staircase back to the Dungeon.
You feel sick.
There is a staircase back to the Dungeon here.
Found an ancient bone altar of Kikubaaqudgha.
HP restored.
You feel sick.
You feel sick.
You feel sick.
You are no longer poisoned.
Found a hazy altar of Hepliaklqana.
There is a hazy altar of Hepliaklqana here.
You kneel at the altar of Hepliaklqana.
Hepliaklqana welcomes you!
Found a stormy altar of Qazlal.
Found a bloodstained altar of Trog.
There is a staircase back to the Dungeon here.
You are a hulking beast.
Your movement speed is average.
Your attack delay is about 0.5.
Your damage rating with the +4 short sword "Gasofera" {speed, Str+4} is about 14 (Base 5 x 112% (Dex) x 113% (Skill) + 8 (Ench + Slay)).
Your base attributes are Str 20, Int 8, Dex 15.
Unknown command.
You can't go down here!
You climb upwards.
Welcome back to the Dungeon!
The cyclops throws a large rock.
The large rock hits you!!
There is a staircase to the Ecumenical Temple, spattered with blood here.
The cyclops throws a large rock.
The large rock hits you!!
* * * LOW HITPOINT WARNING * * *
Really walk into that dispersal trap?
You enter a dispersal trap!
The cyclops blinks!
You blink.
The cyclops throws a large rock.
The large rock hits you!!
Ouch! That really hurt!
You die...

#.####.#........#........
#......##.####..#........
#..#....#................
##.##.##C##..............#
###........†#........#.#####
#......§...................#
# #..⌠...⌠..#........#._.#.#
..#.........#..............#
#......>...h.............###
..#.........#.###....##.###
..#..⌠...⌠..#.....#...#...##
..............#.............
..#....§....#.#....#...##.#.
# ##.##.##.##...............
#. #.##..#....(.....##... ..
#.###...##............ ..
#.. .................


You could see a cyclops.

Vanquished Creatures
  Grinder (D:3)
  Duvessa (D:4)
  A water moccasin (D:5)
  An ice beast (D:6)
  2 black bears (D:5)
  An ogre (D:5)
  A phantom (D:5)
  A scorpion (D:6)
  Dowan (D:4)
  3 hounds
  A sleepcap (D:6)
  An orc priest (D:5)
  A jelly (D:5)
  3 iguanas
  Natasha (thrice) (D:4)
  3 orc wizards (D:5)
  Robin (D:4)
  3 adders
  8 gnolls
  A white imp (D:5)
  4 dart slugs
  7 orcs (D:5)
  4 ball pythons
  2 endoplasms (D:1)
  2 giant cockroaches
  16 goblins
  5 hobgoblins
  8 jackals
  6 kobolds
  A quokka (D:2)
  4 bats
  A frilled lizard (D:1)
  8 rats
106 creatures vanquished.

Notes
Turn   | Place    | Note
-------+----------+-------------------------------------------
     0 | D:1      | LeprechaunX the Vine Stalker Shapeshifter began the quest
                  | for the Orb.
     0 | D:1      | Reached XP level 1. HP: 9/9 MP: 2/2
    86 | D:1      | Reached skill level 1 in Fighting
   140 | D:1      | Reached XP level 2. HP: 14/14 MP: 3/3
   643 | D:1      | Reached XP level 3. HP: 18/18 MP: 4/4
  1495 | D:3      | Gained mutation: Your natural rate of healing is unusually
                  | fast. [Vine Stalker growth]
  1495 | D:3      | Reached XP level 4. HP: 20/22 MP: 3/5
  1743 | D:3      | Noticed Grinder
  1745 | D:3      | Paralysed by Grinder for 5 turns
  1766 | D:3      | Killed Grinder
  1767 | D:3      | Reached XP level 5. HP: 19/27 MP: 6/6
  1767 | D:3      | Reached XP level 6. HP: 23/32 MP: 7/7
  1905 | D:3      | Identified the +2 robe "Hommedadd" {Rampage rN++ Regen+
                  | Str-5}
  2106 | D:4      | Noticed Duvessa
  2107 | D:4      | Noticed Dowan
  2119 | D:4      | Killed Duvessa
  2120 | D:4      | Reached skill level 5 in Unarmed Combat
  2124 | D:4      | Killed Dowan
  2230 | D:4      | Identified the +2 ring mail "Tureofy" {rPois SInv}
  2394 | D:4      | Reached XP level 7. HP: 35/35 MP: 8/8
  2452 | D:4      | Found a white marble altar of Elyvilon.
  2455 | D:4      | Noticed Robin
  2473 | D:4      | Killed Robin
  2669 | D:4      | Identified the +4 short sword "Gasofera" {speed, Str+4}
  2842 | D:4      | Found a blossoming altar of Fedhas.
  3118 | D:4      | Noticed Natasha
  3123 | D:4      | Killed Natasha
  3340 | D:4      | Noticed Natasha
  3349 | D:4      | Killed Natasha
  3383 | D:4      | Noticed Natasha
  3389 | D:4      | Killed Natasha
  3584 | D:5      | Entered Level 5 of the Dungeon
  3645 | D:5      | Found a stormy altar of Qazlal.
  3681 | D:5      | Found a burning altar of Makhleb.
  3712 | D:5      | Reached skill level 1 in Short Blades
  3735 | D:5      | Gained mutation: You have razor-sharp teeth. [Vine Stalker
                  | growth]
  3735 | D:5      | Reached XP level 8. HP: 40/40 MP: 9/9
  3743 | D:5      | Reached skill level 5 in Shapeshifting
  3997 | D:5      | Found an ancient bone altar of Kikubaaqudgha.
  4284 | D:6      | Identified the +0 ring mail "Dudiojed" {Regen+}
  4333 | D:6      | Found a glowing golden altar of the Shining One.
  4412 | D:6      | Found a staircase to the Ecumenical Temple.
  4423 | D:6      | Noticed a cyclops
  4428 | Temple   | Entered the Ecumenical Temple
  4439 | Temple   | Became a worshipper of Hepliaklqana the Forgotten
  4473 | D:6      | Hit by a large rock thrown by a cyclops

Illustrated notes

Levels and vault maps discovered:
D:1:      amcnicky_arrival_wind_blow, layout_basic,
          ebering_dispersal_statue_hall
D:2:      layout_loops_ring, chequers_serial_rivers_large_a
D:3:      layout_rooms, uniq_grinder
D:4:      layout_layer_cave, fedhas_altar_decomposition,
          nicolae_overflow_crystal_walls, uniq_natasha, uniq_duvessa, uniq_robin
D:5:      layout_loops_ring, old_standard_altar, hangedman_feature_mirror
D:6:      layout_rooms, mainiacjoe_overflow_tiny_flanked,
          minmay_temple_entry_large_hall
Temple:   hellmonk_temple_forest_ring

Skill      XL: |  1  2  3  4  5  6  7  8 |
---------------+-------------------------+-----
Fighting       | 1 2 3 |  3.0
Dodging        | 2 3 |  3.0
Unarmed Combat | 4 5 6 |  6.1
Shapeshifting  | 4 6 |  6.3
Short Blades   | 1 4 |  4.3

Action                     |  1- 3 |  4- 6 |  7- 9 || total
---------------------------+-------+-------+-------++-------
  Melee: Unarmed           |    72 |    42 |    53 ||   167
         Bite              |    15 |     9 |    44 ||    68
         Punch             |       |     2 |     5 ||     7
         Short sword       |       |       |   103 ||   103
    Use: Potion            |       |     1 |       ||     1
   Stab: Sleeping          |     1 |       |       ||     1
 Armour: Animal skin       |    13 |       |       ||    13
         Skin              |       |    11 |       ||    11
         Robe              |       |     4 |    27 ||    31
  Dodge: Dodged            |    44 |    18 |    62 ||   124

Table legend: (Time is in decaauts)
 A = Elapsed time spent in this place.
 B = Non-inter-level travel time spent in this place.
 C = Inter-level travel time spent in this place.
 D = Time resting spent in this place.
 E = Time spent auto-exploring this place.
 F = Levels seen in this place.
 G = Mean time per level.
                   A        B        C        D        E       F      G
               +--------+--------+--------+--------+--------+-----+--------+
         Total |   4426 |   4092 |    334 |     45 |   3401 |   7 |  632.3 |
       Dungeon |   4385 |   4089 |    296 |     45 |   3401 |   6 |  730.8 |
        Temple |     40 |      2 |     38 |      0 |      0 |   1 |   40.0 |
               +--------+--------+--------+--------+--------+-----+--------+

Top non-repeatable levels by time:
     D:4: 1553 daAuts
     D:2: 770 daAuts
     D:1: 724 daAuts
     D:5: 661 daAuts
     D:3: 532 daAuts
     D:6: 143 daAuts
  Temple: 40 daAuts
